 Dungeon Crawl Stone Soup version 0.31-a0-1009-g454b1f1e0a (webtiles) character file.

Game seed: 8741525399380492499

30703 kae the Slicer (level 13, -7/95 HPs)
             Began as a Demonspawn Enchanter on Nov 14, 2023.
             Was an Elder of Dithmenos.
             Mangled by a catoblepas (9 damage)
             ... while petrified by a catoblepas
             ... on level 1 of the Lair of Beasts.
             The game lasted 00:15:39 (16074 turns).

kae the Slicer (Demonspawn Enchanter)              Turns: 16074, Time: 00:15:40

Health: -7/95      AC: 20    Str: 12    XL:     13   Next: 22%
Magic:  14/25      EV:  2    Int: 17    God:    Dithmenos [****..]
Gold:   1030       SH:  0    Dex: 15    Spells: 17/28 levels left

rFire   . . .        D - +6 dagger
rCold   . . .        (no shield)
rNeg    + + +        r - +3 leather armour {rN+}
rPois   ∞            (no helmet)
rElec   .            M - +0 cloak
rCorr   .            (no gloves)
SInv    .            G - +2 pair of boots
Will    .....        (no amulet)
Stlth   ++++++       O - +4 ring of protection
HPRegen 0.35/turn    o - +4 ring of protection
MPRegen 0.19/turn

%: no passive effects
@: petrified, wreathed by umbra
A: rugged brown scales 1, demonic guardian 1, demonic magic 1, demonic touch 2
a: Renounce Religion, Shadow Step


You were on level 1 of the Lair of Beasts.
You worshipped Dithmenos.
Dithmenos was greatly pleased with you.
You visited 3 branches of the dungeon, and saw 15 of its levels.
You also visited: Sewer and Ossuary.

You collected 1112 gold pieces.
You spent 82 gold pieces at shops.


Innate Abilities, Weirdness & Mutations

You are partially covered in rugged brown scales. (AC +1, +3% HP)
A weak demonic guardian rushes to your aid.
Spells you cast may paralyse adjacent enemies.
Your touch may inflict irresistible damage on your foes.


   Skills:
 + Level 5.6 Fighting
 * Level 11.5 Short Blades
 + Level 5.0 Armour
 + Level 5.3 Dodging
 + Level 9.3 Stealth
 + Level 8.4 Spellcasting
 + Level 9.4 Hexes
 - Level 3.0 Ice Magic
 + Level 7.1 Invocations


You had 17 spell levels left.
You knew the following spells:

 Your Spells              Type           Power      Damage    Failure   Level
a - Ensorcelled Hibernat  Hex/Ice        56%        N/A       1%          2
b - Confusing Touch       Hex            39%        N/A       1%          3
c - Tukima's Dance        Hex            39%        N/A       1%          3
d - Dazzling Flash        Conj/Hex       46%        N/A       5%          3

Your spell library contained the following spells:

 Spells                   Type           Power      Damage    Failure   Level
 Cause Fear               Hex            19%        N/A       2%          4
 Summon Guardian Golem    Hex/Summ       23%        N/A       5%          3
 Necrotise                Necr           28%        1d5       13%         1
 Passwall                 Tmut/Erth      5%         N/A       19%         2
 Poisonous Vapours        Pois/Air       14%        N/A       19%         2
 Anguish                  Hex/Necr       11%        N/A       19%         4
 Mephitic Cloud           Conj/Pois/Air  7%         N/A       36%         3
 Swiftness                Air            7%         N/A       36%         3
 Vampiric Draining        Necr           7%         2d6       36%         3
 Summon Mana Viper        Hex/Summ       23%        N/A       45%         5
 Yara's Violent Unravell  Hex/Tmut       11%        3d6       45%         5
 Summon Ice Beast         Ice/Summ       12%        N/A       56%         4
 Animate Dead             Necr           7%         N/A       77%         4
 Passage of Golubria      Tloc           7%         N/A       77%         4
 Enfeeble                 Hex            19%        N/A       92%         7
 Freezing Cloud           Conj/Ice/Air   5%         6-21      93%         5
 Agony                    Necr           7%         N/A       98%         5
 Borgnjor's Vile Clutch   Necr/Erth      3%         N/A       98%         5
 Death Channel            Necr           3%         N/A       100%        6
 Monstrous Menagerie      Summ           3%         N/A       100%        7

Inventory:

Hand Weapons
 a - a +1 dagger of flaming
 D - a +6 dagger (weapon)
   (You took it off a kobold on level 9 of the Dungeon)
Missiles
 e - 135 stones
 t - 27 poisoned darts
 x - 6 curare-tipped darts {=f}
 B - 4 boomerangs
 S - 6 javelins
Armour
 b - a +1 robe
 r - a +3 leather armour of positive energy (worn)
   (You found it on level 4 of the Dungeon)
 G - a +2 pair of boots (worn)
   (You found it on level 9 of the Dungeon)
 M - a +0 cloak (worn)
   (You found it on level 1 of the Lair of Beasts)
Magical Staves
 A - a staff of fire {!a}
   (You found it on level 7 of the Dungeon)
 H - a staff of poison {!a}
   (You found it on level 10 of the Dungeon)
 J - a staff of death {!a}
   (You found it on level 10 of the Dungeon)
Jewellery
 f - a ring of fire
   (You found it on level 12 of the Dungeon)
 o - a +4 ring of protection (right hand)
   (You found it on level 8 of the Dungeon)
 p - a ring of willpower
   (You found it on level 5 of the Dungeon)
 C - a ring of protection from cold
   (You found it on level 7 of the Dungeon)
 E - a +5 ring of evasion
   (You found it on level 11 of the Dungeon)
 F - a ring of fire
   (You found it on level 2 of the Dungeon)
 O - a +4 ring of protection (left hand)
   (You found it on level 1 of the Dungeon)
 P - an amulet of reflection
   (You took it off a centaur on level 12 of the Dungeon)
 R - a ring of resist corrosion
   (You found it on level 6 of the Dungeon)
Wands
 k - a wand of iceblast (16)
   (You found it on level 4 of the Dungeon)
 I - a wand of paralysis (2)
   (You found it on level 9 of the Dungeon)
 K - a wand of flame (12)
   (You found it on level 11 of the Dungeon)
 Q - a wand of light (3)
   (You found it on level 13 of the Dungeon)
Scrolls
 d - 5 scrolls of teleportation {@r4}
 v - a scroll of poison {!r}
 y - 2 scrolls of fog
Potions
 c - 6 potions of invisibility
 g - 4 potions of haste {@q3}
 h - 9 potions of attraction {!q}
 i - a potion of cancellation
 j - 4 potions of might {unknown}
 l - 3 potions of lignification {!q}
 m - 4 potions of mutation {unknown}
 n - 4 potions of heal wounds {@q2}
 q - 2 potions of enlightenment
 s - a potion of degeneration {!q}
 u - a potion of brilliance
 w - a potion of ambrosia
 z - 2 potions of berserk rage {!q}
 N - 13 potions of curing {unknown}

Dungeon Overview and Level Annotations

Branches:
Dungeon (13/15) Zot: 24928  Temple (1/1) D:7 Zot: 5942    Lair (1/5) D:8 Zot: 5647
    Orc (0/2) D:9          Vaults (0/5) D:13          Sewer (visited)
Ossuary (visited)

Altars:
Ashenzari
Cheibriados
Dithmenos
Fedhas
Gozag
Hepliaklqana
Kikubaaqudgha
Makhleb
Nemelex Xobeh
Okawaru
Qazlal
Ru
Sif Muna
Trog
Uskayaw
Vehumet
Wu Jian
Xom
Yredelemnul

Shops:
D:2 ?   D:5 =   D:7 =:

Annotations:
D:6 exclusion: Eustachio
D:9 5 runed translucent doors
D:11 3 runed translucent doors, baljet's ghost, journeyman TrFi
D:12 3 runed translucent doors, exclusion: skeletal warrior, KuroJack's ghost, journeyman FeSh

......# #..........#
## .#..#.#
###+.#..#.## #
#...#### #....#..### #
#.>....#### ##..⌠.+.##
# #.........#
####.....### #
#####.....###...#...##
# ##..........††.## #
###.....⌠.....# #
##.....4@.## #
#..⌠...Y.#...# #
##...........# #
#....⌠......##
...........?#
..#####.#.... ..
+###.... #....


You could see a catoblepas (ally target) and a friendly hellwing (summoned).


Message History

Aiming: Ensorcelled Hibernation (safe; 1% risk of failure)
Press: ? - help, Shift-Dir - straight line, f - water moccasin
Aim: a water moccasin (moderately wounded, umbra, chance to affect: 59%)
The water moccasin looks drowsy...
Malevolent energies surge around you.
The water moccasin hisses angrily.
The water moccasin bites you but does no damage. 😕 MP[-2]
You lost 2 mp, and now have 18/25 mp.
Casting: Ensorcelled Hibernation (safe; 1% risk of failure)
Confirm with . or Enter, or press ? or * to list all spells.
Aiming: Ensorcelled Hibernation (safe; 1% risk of failure)
Press: ? - help, Shift-Dir - straight line, f - catoblepas, p - water moccasin
Aim: a catoblepas (umbra, chance to affect: 4%)
The catoblepas resists with almost no effort.
Malevolent energies surge around you.
The water moccasin suddenly stops moving! 😕 HP[+1] MP[-2]
You lost 2 mp, and now have 16/25 mp.
The helpless water moccasin fails to defend itself.
You stick the water moccasin like a pincushion!!!!
You kill the water moccasin!
Dithmenos accepts your kill.
The catoblepas completely misses you. 😕 HP[+1]
You now have 95 max hp (+1).
Casting: Ensorcelled Hibernation (safe; 1% risk of failure)
Confirm with . or Enter, or press ? or * to list all spells.
Your hands begin to glow red.
Malevolent energies surge around you.
The catoblepas gores you but does no damage.
The water moccasin misses you.
The catoblepas breathes a plume of calcifying dust at you.
The blast of calcifying dust hits you but does no damage. 😕 MP[-2]
You lost 2 mp, and now have 14/25 mp.
The water moccasin barely misses you.
The catoblepas attacks as it pursues you!
The catoblepas gores you! 😕 HP[-13]
You take 13 damage, and now have 73/95 hp.
Unknown command.
You hit the catoblepas but do no damage.
The water moccasin closely misses you.
Unknown command.
You hit the catoblepas but do no damage.
Your touch misses the catoblepas.
The water moccasin bites you but does no damage.
The catoblepas gores you!! 😮 HP[-19]
You take 19 damage, and now have 54/95 hp.
You barely miss the catoblepas. The water moccasin bites you. 😮 HP[-1]
You take 1 damage, and now have 53/95 hp.
Unknown command.
You hit the catoblepas but do no damage.
You punch the catoblepas.
The catoblepas gores you but does no damage.
Casting: Confusing Touch (safe; 1% risk of failure)
Confirm with . or Enter, or press ? or * to list all spells.
Aiming: Ensorcelled Hibernation (safe; 1% risk of failure)
Press: ? - help, Shift-Dir - straight line, f/p - catoblepas
Aim: a catoblepas (chance to confuse on hit: 7%, umbra, chance to affect: 4%)
The catoblepas resists with almost no effort.
Malevolent energies surge around you.
The water moccasin suddenly stops moving!
The catoblepas breathes a plume of calcifying dust at you.
The blast of calcifying dust hits you but does no damage. 😮 HP[+1] MP[-1]
You lost 1 mp, and now have 13/25 mp.
The helpless water moccasin fails to defend itself.
You hit the water moccasin but do no damage.
The water moccasin appears confused.
You are engulfed in calcifying dust.
You are slowing down.
Unknown command.
The helpless water moccasin fails to defend itself.
You stick the water moccasin like a pincushion!!!!
You kill the water moccasin!
Dithmenos accepts your kill.
You are engulfed in calcifying dust.
Your limbs have turned to stone.
The catoblepas gores you!!
* * * LOW HITPOINT WARNING * * *
You have turned to stone.
You are engulfed in calcifying dust.
The catoblepas gores you!!
* * * LOW HITPOINT WARNING * * *
You are engulfed in calcifying dust.
The catoblepas gores you!
* * * LOW HITPOINT WARNING * * *
You are engulfed in calcifying dust.
The catoblepas gores you!!
* * * LOW HITPOINT WARNING * * *
A demonic guardian appears!
The catoblepas gores you!!
* * * LOW HITPOINT WARNING * * *
The catoblepas gores you. The catoblepas gores you!
* * * LOW HITPOINT WARNING * * *
Your hellwing hits the catoblepas but does no damage. x2
The catoblepas gores you!!
You die...

Skill      XL: |  1  2  3  4  5  6  7  8  9 10 11 12 13 |
---------------+----------------------------------------+-----
Short Blades   | 1 2 3 4 6 8 9 10 11 | 11.5
Stealth        | 3 4 5 6 7 8 9 |  9.3
Ice Magic      | 1 2 3 |  3.0
Spellcasting   | 3 4 6 7 8 |  8.4
Hexes          | 4 5 6 7 8 9 |  9.4
Fighting       | 1 3 5 |  5.6
Armour         | 1 3 4 5 |  5.0
Dodging        | 2 4 5 |  5.3
Invocations    | 2 5 6 7 |  7.1

Action                     |  1- 3 |  4- 6 |  7- 9 | 10-12 | 13-15 || total
---------------------------+-------+-------+-------+-------+-------++-------
  Melee: Dagger            |   165 |   192 |   238 |   566 |   104 ||  1265
         Touch             |    16 |    33 |    50 |   118 |    18 ||   235
         Punch             |       |     3 |       |     6 |     3 ||    12
   Cast: Ensorcelled Hiber |     2 |    21 |    32 |    85 |    16 ||   156
         Confusing Touch   |       |     1 |    13 |    23 |     3 ||    40
 Invoke: Shadow Step       |       |       |       |     1 |       ||     1
    Use: Scroll            |       |     7 |     7 |    11 |     4 ||    29
         Potion            |       |       |       |     2 |       ||     2
   Stab: Sleeping          |    12 |     9 |    20 |    47 |     3 ||    91
         Paralysed         |       |     7 |    19 |    50 |     7 ||    83
         Confused          |       |       |     6 |    11 |     1 ||    18
         Distracted        |       |       |     1 |     1 |     1 ||     3
 Armour: Robe              |    74 |    19 |       |       |       ||    93
         Leather armour    |       |    75 |   109 |   327 |    64 ||   575
  Dodge: Dodged            |    89 |   114 |    71 |   275 |    61 ||   610

Levels and vault maps discovered:
D:1:      onia_arrival_handbag, layout_basic
D:2:      layout_loops_ring, serial_shops, shop, basic_altar,
          nrook_mini_backslash
D:3:      layout_loops_ring, bloody_makhleb
D:4:      layout_cave_pools, portal_sewer_entry_b
D:5:      layout_basic, lemuel_tele_altar, serial_shops, shop_coins,
          enter_ossuary_4, uniq_pikel
D:6:      layout_basic, lemuel_round_altar, uniq_eustachio
D:7:      layout_loops_corners, minmay_temple_entry_steel_oval, serial_shops,
          nicolae_shop_waterfront, nicolae_shop_i_like_big_books, uniq_jeremiah
D:8:      layout_cave_pools, due_lair_maze_entry_diamond
D:9:      layout_irregular_city, mainiacjoe_overflow_concentric_impassable,
          mainiacjoe_overflow_big_doors, david_orc_5,
          minmay_guarded_unrand_staff_of_olgreb, uniq_psyche
D:10:     layout_layer_cave, slow_altar_2, uniq_erica, uniq_sonja
D:11:     layout_roguey, gammafunk_ghost_icy, minmay_liquid_box,
          kennysheep_generic_room_11
D:12:     layout_basic, gammafunk_ghost_hydra_chop, lightli_fourway_metalbox,
          uniq_urug
D:13:     lemuel_ice_spiral_2, layout_stronghold, erik_vaults_2,
          trog_three_pillars_becter
Temple:   nicolae_temple_superstar
Lair:1:   layout_roguey, ebering_ghost_reflecting_pool, basic_altar,
          hangedman_tree_tricks, nicolae_lair_grazing_beasts
          [nicolae_sub_lair_graze_edge, nicolae_sub_lair_graze_edge,
          nicolae_sub_lair_graze_edge, nicolae_sub_lair_graze_edge],
          serial_bayou_shore_b, grunt_megastairs_4, lemuel_fruit_tree

Notes
Turn   | Place    | Note
-------+----------+-------------------------------------------
     0 | D:1      | kae the Demonspawn Enchanter began the quest for the Orb.
     0 | D:1      | Reached XP level 1. HP: 13/13 MP: 3/3
     0 | D:1      | magus.rc [v1.11.3]
    10 | D:1      | Reached skill level 1 in Short Blades
   389 | D:1      | Gained mutation: Your touch may inflict minor irresistible
                  | damage on your foes. [demonic ancestry]
   389 | D:1      | Reached XP level 2. HP: 19/19 MP: 5/5
   392 | D:1      | Learned a level 2 spell: Ensorcelled Hibernation
   653 | D:2      | Found a bloodstained altar of Trog.
   736 | D:2      | Reached XP level 3. HP: 22/24 MP: 6/6
   911 | D:2      | Found Anatzof's Magic Scroll Boutique.
   918 | D:2      | Bought a scroll of blinking for 82 gold pieces
   986 | D:2      | Reached skill level 3 in Stealth
  1153 | D:3      | Learned a level 3 spell: Confusing Touch
  1326 | D:3      | Reached skill level 2 in Short Blades
  1528 | D:3      | Found a burning altar of Makhleb.
  1896 | D:3      | Reached skill level 1 in Ice Magic
  1896 | D:3      | Reached XP level 4. HP: 27/30 MP: 7/7
  2096 | D:4      | Gained mutation: Spells you cast may paralyse adjacent
                  | enemies. [demonic ancestry]
  2096 | D:4      | Reached XP level 5. HP: 35/35 MP: 9/9
  2230 | D:4      | Reached skill level 3 in Short Blades
  2397 | D:4      | You pick up a book of Vapours and begin reading...
  2397 | D:4      | You add the spells Poisonous Vapours, Mephitic Cloud and
                  | Freezing Cloud to your library.
  2512 | D:4      | Found a glowing drain.
  2532 | D:4      | Reached skill level 3 in Spellcasting
  2538 | Sewer    | Entered a sewer
  2626 | Sewer    | Reached XP level 6. HP: 41/41 MP: 10/10
  2695 | Sewer    | Reached skill level 2 in Ice Magic
  2806 | Sewer    | Reached skill level 4 in Hexes
  3137 | Sewer    | Learned a level 3 spell: Tukima's Dance
  3141 | Sewer    | Learned a level 3 spell: Dazzling Flash
  3231 | D:5      | Entered Level 5 of the Dungeon
  3286 | D:5      | Noticed Pikel
  3327 | D:5      | Killed Pikel
  3328 | D:5      | Reached skill level 4 in Short Blades
  3328 | D:5      | Reached skill level 4 in Stealth
  3328 | D:5      | Reached XP level 7. HP: 41/46 MP: 1/12
  3382 | D:5      | Found a sand-covered staircase.
  3400 | Ossuary  | Entered an ossuary
  3527 | Ossuary  | Reached skill level 3 in Ice Magic
  3557 | Ossuary  | Reached skill level 4 in Spellcasting
  3557 | Ossuary  | Reached XP level 8. HP: 38/52 MP: 12/14
  3791 | D:5      | Reached skill level 5 in Short Blades
  3890 | D:5      | Found a stormy altar of Qazlal.
  3923 | D:5      | Identified the +3 sling "Maxeolut" {drain, Contam rF+ rN+
                  | rCorr}
  3932 | D:5      | Found Fecsuk's Jewellery Shop.
  4063 | D:5      | You pick up a book of Necromancy and begin reading...
  4063 | D:5      | You add the spells Necrotise, Vampiric Draining and Agony
                  | to your library.
  4228 | D:5      | Reached skill level 5 in Hexes
  4499 | D:6      | Noticed Eustachio
  4514 | D:6      | Reached skill level 5 in Stealth
  4650 | D:6      | Found a blossoming altar of Fedhas.
  5204 | D:6      | You fall into a shaft and drop 1 floor!
  5204 | D:7      | Identified the "Atetuz"
  5280 | D:7      | Found a staircase to the Ecumenical Temple.
  5295 | Temple   | Entered the Ecumenical Temple
  5327 | Temple   | Became a worshipper of Dithmenos the Shadowed
  5391 | D:7      | Found Dein's Jewellery Boutique.
  5933 | D:6      | Killed Eustachio
  5934 | D:6      | Reached skill level 6 in Short Blades
  5993 | D:7      | You add the spells Passwall, Summon Guardian Golem and
                  | Yara's Violent Unravelling to your library.
  6183 | D:7      | Reached XP level 9. HP: 31/56 MP: 13/16
  6209 | D:7      | Reached skill level 5 in Spellcasting
  6300 | D:7      | Found Xikkipid's Tremendous Tomes.
  6365 | D:7      | Noticed Jeremiah
  6379 | D:7      | Killed Jeremiah
  6380 | D:7      | Reached skill level 6 in Hexes
  6465 | D:7      | Reached skill level 7 in Short Blades
  6465 | D:7      | Reached skill level 6 in Stealth
  6682 | D:7      | Identified the +1 scale mail "Aboido" {rC+}
  7334 | D:8      | Reached * piety under Dithmenos
  7353 | D:8      | Found a staircase to the Lair.
  7365 | D:8      | Reached skill level 8 in Short Blades
  7367 | D:8      | Reached skill level 6 in Spellcasting
  7374 | D:8      | Gained mutation: A weak demonic guardian rushes to your
                  | aid. [demonic ancestry]
  7374 | D:8      | Reached XP level 10. HP: 56/63 MP: 5/19
  7381 | D:8      | Reached skill level 7 in Hexes
  7588 | D:8      | Reached skill level 7 in Stealth
  8000 | D:9      | You pick up a book of Beasts and begin reading...
  8000 | D:9      | You add the spells Summon Ice Beast, Summon Mana Viper and
                  | Monstrous Menagerie to your library.
  8082 | D:9      | Found a runed translucent door.
  8085 | D:9      | Found an opulent altar of Gozag.
  8086 | D:9      | Found a runed translucent gate.
  8088 | D:9      | Found a runed translucent gate.
  8088 | D:9      | Found a runed translucent gate.
  8090 | D:9      | Noticed a black mamba
  8090 | D:9      | Noticed a black mamba
  8097 | D:9      | Found a runed translucent door.
  8182 | D:9      | Found the +9 staff of Olgreb {rPois∞}
  8344 | D:9      | Found a shimmering altar of Xom.
  8403 | D:9      | Found a staircase to the Orcish Mines.
  8428 | D:9      | HP: 7/63 [orc priest/divine providence (13)]
  8637 | D:9      | Reached ** piety under Dithmenos
  8765 | D:9      | Reached skill level 9 in Short Blades
  9054 | D:10     | Entered Level 10 of the Dungeon
  9054 | D:10     | Found a snail-covered altar of Cheibriados.
  9262 | D:10     | Noticed Erica
  9272 | D:10     | Killed Erica
  9273 | D:10     | Reached skill level 1 in Fighting
  9273 | D:10     | Reached skill level 1 in Armour
  9273 | D:10     | Reached skill level 2 in Dodging
  9273 | D:10     | Reached skill level 1 in Invocations
  9554 | D:10     | Reached skill level 2 in Invocations
  9619 | D:10     | Noticed Sonja
  9631 | D:10     | Killed Sonja
  9633 | D:10     | Reached XP level 11. HP: 45/72 MP: 13/21
 10373 | D:11     | Identified the maw talisman "Qakaofathra" {rElec Str+4
                  | Stlth-}
 10726 | D:11     | Reached skill level 2 in Fighting
 10788 | D:11     | Reached skill level 2 in Armour
 10911 | D:11     | Reached skill level 7 in Spellcasting
 11071 | D:11     | Found a runed translucent gate.
 11071 | D:11     | Found a runed translucent gate.
 11071 | D:11     | Found a runed translucent gate.
 11077 | D:11     | Reached *** piety under Dithmenos
 11078 | D:11     | Reached skill level 3 in Invocations
 11233 | D:11     | Noticed baljet's ghost (journeyman TrFi)
 11343 | D:11     | Reached skill level 3 in Dodging
 11545 | D:12     | Found a runed translucent gate.
 11546 | D:12     | Found a runed translucent gate.
 11547 | D:12     | Found a runed translucent gate.
 11548 | D:12     | Noticed KuroJack's ghost (journeyman FeSh)
 11550 | D:12     | Reached skill level 8 in Hexes
 11550 | D:12     | Noticed a 13-headed hydra
 11592 | D:12     | Noticed a boulder beetle
 11598 | D:12     | Killed a boulder beetle
 11610 | D:12     | Reached skill level 8 in Stealth
 11666 | D:12     | You pick up a book of Hexes and begin reading...
 11666 | D:12     | You add the spells Anguish, Cause Fear and Enfeeble to your
                  | library.
 11787 | D:12     | Noticed a two-headed ogre
 11793 | D:12     | Killed a two-headed ogre
 11794 | D:12     | Reached skill level 3 in Fighting
 11817 | D:12     | Noticed a two-headed ogre
 11821 | D:12     | Killed a two-headed ogre
 11822 | D:12     | Reached skill level 10 in Short Blades
 11822 | D:12     | Reached skill level 4 in Invocations
 11962 | D:12     | Noticed a boulder beetle
 11963 | D:12     | Noticed a two-headed ogre
 11970 | D:12     | Killed a two-headed ogre
 11971 | D:12     | Reached skill level 3 in Armour
 11974 | D:12     | HP: 14/75 [yaktaur (7)]
 11982 | D:12     | Killed a boulder beetle
 12209 | D:12     | You pick up a book of Burglary and begin reading...
 12219 | D:12     | Noticed Urug
 12222 | D:12     | Killed Urug
 12244 | D:12     | Noticed a boulder beetle
 12244 | D:12     | Noticed a two-headed ogre
 12252 | D:12     | Killed a boulder beetle
 12253 | D:12     | Killed a two-headed ogre
 12254 | D:12     | Reached skill level 4 in Dodging
 12254 | D:12     | Reached skill level 5 in Invocations
 12254 | D:12     | Gained mutation: You are partially covered in rugged brown
                  | scales. (AC +1, +3% HP) [demonic ancestry]
 12254 | D:12     | Reached XP level 12. HP: 63/85 MP: 18/23
 12353 | D:12     | HP: 17/79 [skeletal warrior/+2 long sword of draining (11)]
 12355 | D:12     | Reached skill level 4 in Fighting
 13646 | D:13     | Noticed a vault guard
 13646 | D:13     | Noticed a vault guard
 13650 | D:13     | Found a gate to the Vaults.
 13650 | D:13     | Noticed a vault guard
 13651 | D:13     | Noticed a vault guard
 13651 | D:13     | Noticed a vault guard
 13651 | D:13     | Noticed a vault guard
 13651 | D:13     | Noticed a vault guard
 13651 | D:13     | Noticed a vault guard
 13659 | D:13     | Killed a vault guard
 13663 | D:13     | HP: 8/85 [vault guard/+0 bardiche (15)]
 13671 | D:13     | HP: 21/85 [vampire mosquito (9)]
 13685 | D:13     | HP: 21/86 [vampire mosquito (4)]
 13696 | D:13     | HP: 19/86 [vampire mosquito (2)]
 13700 | D:13     | HP: 9/86 [vampire mosquito (5)]
 13935 | D:13     | Noticed a two-headed ogre
 13942 | D:13     | Killed a two-headed ogre
 13948 | D:13     | Reached skill level 4 in Armour
 14031 | D:13     | Killed a vault guard
 14044 | D:13     | Killed a vault guard
 14045 | D:13     | Reached skill level 8 in Spellcasting
 14045 | D:13     | Reached skill level 6 in Invocations
 14050 | D:13     | Killed a vault guard
 14184 | D:13     | Noticed a rakshasa
 14186 | D:13     | Reached skill level 11 in Short Blades
 14187 | D:13     | Killed a rakshasa
 14188 | D:13     | Reached skill level 9 in Hexes
 14353 | D:13     | Reached skill level 5 in Fighting
 14421 | D:13     | Reached skill level 9 in Stealth
 14445 | D:13     | Reached **** piety under Dithmenos
 14628 | D:13     | Killed a vault guard
 14629 | D:13     | Reached skill level 5 in Dodging
 14710 | D:13     | Noticed a centaur warrior
 14918 | D:13     | Killed a centaur warrior
 15039 | D:13     | Killed a vault guard
 15092 | D:13     | Gained mutation: Your touch may inflict irresistible damage
                  | on your foes. [demonic ancestry]
 15092 | D:13     | Reached XP level 13. HP: 82/93 MP: 20/25
 15130 | D:13     | You pick up a book of Unlife and begin reading...
 15130 | D:13     | You add the spells Animate Dead, Borgnjor's Vile Clutch and
                  | Death Channel to your library.
 15259 | D:13     | Found a bloodstained altar of Trog.
 15674 | Lair:1   | Entered Level 1 of the Lair of Beasts
 15674 | Lair:1   | Found an ornate altar of the Wu Jian Council.
 15761 | Lair:1   | Reached skill level 7 in Invocations
 15891 | Lair:1   | Identified the +2 dagger of the Threshing Seeker {heavy,
                  | Fly rElec Int+5 Dex-4}
 16050 | Lair:1   | Reached skill level 5 in Armour
 16070 | Lair:1   | HP: 14/95 [catoblepas (10)]
 16071 | Lair:1   | HP: 6/95 [catoblepas (9)]
 16073 | Lair:1   | HP: 1/95 [catoblepas (5)]
 16074 | Lair:1   | Mangled by a catoblepas

Vanquished Creatures
  A rakshasa (D:13)
  8 vault guards (D:13)
  Erica (D:10)
  A centaur warrior (D:13)
  3 boulder beetles (D:12)
  5 two-headed ogres
  Urug (D:12)
  Sonja (D:10)
  3 skeletal warriors (D:12)
  A lindwurm (shapeshifter) (D:13)
  Pikel (D:5)
  A deep elf pyromancer (D:13)
  A manticore (D:13)
  2 ugly things (D:13)
  4 cane toads (Lair:1)
  2 gargoyles (D:12)
  2 kobold demonologists
  A yaktaur (D:12)
  Jeremiah (D:7)
  An unseen horror (D:11)
  An efreet (D:13)
  A troll (D:12)
  A hornet (D:11)
  5 slime creatures
  3 wraiths
  3 shadows
  A wyvern (D:10)
  14 yaks
  Eustachio (D:6)
  7 vampire mosquitoes (D:13)
  5 acid dragons
  8 water moccasins
  A black bear (D:5)
  5 orc warriors
  4 wolves (Lair:1)
  3 centaurs
  A phantom (D:5)
  4 kobold brigands
  7 bullfrogs
  2 gnoll sergeants
  6 scorpions
  5 wights (D:7)
  9 howler monkeys
  3 hounds
  4 jellies
  A gnoll bouda (D:7)
  5 orc priests
  2 iguanas
  A sleepcap (D:5)
  7 orc wizards
  9 mummies
  13 gnolls
  7 adders
  3 river rats
  A shadow imp (D:5)
  2 white imps
  4 worms
  A dart slug (D:3)
  36 orcs
  3 bats
  7 endoplasms
  9 giant cockroaches
  A gnoll zombie (Ossuary)
  5 goblins
  6 hobgoblins
  8 jackals
  21 kobolds
  4 quokkas
  9 ball pythons
  5 frilled lizards
  A goblin zombie (D:5)
  3 hobgoblin zombies (Ossuary)
  3 kobold zombies (Ossuary)
  An orc zombie (Ossuary)
  A quokka zombie (D:5)
  14 rats
338 creatures vanquished.

Vanquished Creatures (collateral kills)
  A vampire mosquito (D:13)
1 creature vanquished.

Grand Total: 339 creatures vanquished

Table legend:
 A = Non-vault XP
 B = Vault XP
 C = Vault XP percentage of total XP
 D = Non-vault monster count
 E = Vault monster count
 F = Vault count percentage of total count
                 A         B        C        D         E       F
            +---------+---------+-------+---------+---------+-------
      Total |   27345 |   16517 |  37.7 |     238 |     101 |  29.8
            +---------+---------+-------+---------+---------+-------
        D:1 |       9 |       6 |  40.0 |       6 |       4 |  40.0
        D:2 |      46 |       0 |   0.0 |      27 |       0 |   0.0
        D:3 |      79 |       0 |   0.0 |      13 |       0 |   0.0
        D:4 |     196 |      20 |   9.3 |      17 |       6 |  26.1
        D:5 |     426 |     665 |  61.0 |      10 |       3 |  23.1
        D:6 |     259 |     191 |  42.4 |       8 |       1 |  11.1
        D:7 |    1404 |     521 |  27.1 |      26 |       2 |   7.1
        D:8 |    1167 |    1091 |  48.3 |      19 |       8 |  29.6
        D:9 |    1040 |     572 |  35.5 |      19 |      19 |  50.0
       D:10 |    1540 |    1651 |  51.7 |      19 |       3 |  13.6
       D:11 |    2032 |     157 |   7.2 |      18 |       1 |   5.3
       D:12 |    8299 |    3068 |  27.0 |      20 |       5 |  20.0
       D:13 |    8368 |    6981 |  45.5 |      22 |       8 |  26.7
     Lair:1 |    2480 |    1217 |  32.9 |      14 |       3 |  17.6
      Sewer |       0 |     221 | 100.0 |       0 |      22 | 100.0
    Ossuary |       0 |     156 | 100.0 |       0 |      16 | 100.0
            +---------+---------+-------+---------+---------+-------

Skill      XL: |  1  2  3  4  5  6  7  8  9 10 11 12 13 |
---------------+----------------------------------------+-----
Short Blades   | 1 2 3 4 6 8 9 10 11 | 11.5
Stealth        | 3 4 5 6 7 8 9 |  9.3
Ice Magic      | 1 2 3 |  3.0
Spellcasting   | 3 4 6 7 8 |  8.4
Hexes          | 4 5 6 7 8 9 |  9.4
Fighting       | 1 3 5 |  5.6
Armour         | 1 3 4 5 |  5.0
Dodging        | 2 4 5 |  5.3
Invocations    | 2 5 6 7 |  7.1

Action                     |  1- 3 |  4- 6 |  7- 9 | 10-12 | 13-15 || total
---------------------------+-------+-------+-------+-------+-------++-------
  Melee: Dagger            |   165 |   192 |   238 |   566 |   104 ||  1265
         Touch             |    16 |    33 |    50 |   118 |    18 ||   235
         Punch             |       |     3 |       |     6 |     3 ||    12
   Cast: Ensorcelled Hiber |     2 |    21 |    32 |    85 |    16 ||   156
         Confusing Touch   |       |     1 |    13 |    23 |     3 ||    40
 Invoke: Shadow Step       |       |       |       |     1 |       ||     1
    Use: Scroll            |       |     7 |     7 |    11 |     4 ||    29
         Potion            |       |       |       |     2 |       ||     2
   Stab: Sleeping          |    12 |     9 |    20 |    47 |     3 ||    91
         Paralysed         |       |     7 |    19 |    50 |     7 ||    83
         Confused          |       |       |     6 |    11 |     1 ||    18
         Distracted        |       |       |     1 |     1 |     1 ||     3
 Armour: Robe              |    74 |    19 |       |       |       ||    93
         Leather armour    |       |    75 |   109 |   327 |    64 ||   575
  Dodge: Dodged            |    89 |   114 |    71 |   275 |    61 ||   610

Illustrated notes

Table legend:
 A = Kills in this place as a percentage of kills in the entire game.
 B = Kills by you in this place as a percentage of kills by you in the entire game.
 C = Kills by friends in this place as a percentage of kills by friends in the entire game.
 D = Other kills in this place as a percentage of other kills in the entire game.
 E = Experience gained in this place as a percentage of experience gained in the entire game.
 F = Experience gained in this place divided by the number of levels of this place that you have seen.
                   A       B       C       D       E      F
               +-------+-------+-------+-------+-------+----------------------
         Total | 100.0 | 100.0 | 100.0 |   N/A | 100.0 | 2580.1
       Dungeon |  83.8 |  83.7 | 100.0 |   N/A |  90.7 | 3060.6
          Lair |   5.0 |   5.0 |   0.0 |   N/A |   8.4 | 3697.0
         Sewer |   6.5 |   6.5 |   0.0 |   N/A |   0.5 | 221.0
       Ossuary |   4.7 |   4.7 |   0.0 |   N/A |   0.4 | 156.0
               +-------+-------+-------+-------+-------+----------------------

Table legend: (Time is in decaauts)
 A = Elapsed time spent in this place.
 B = Non-inter-level travel time spent in this place.
 C = Inter-level travel time spent in this place.
 D = Time resting spent in this place.
 E = Time spent auto-exploring this place.
 F = Levels seen in this place.
 G = Mean time per level.
                   A        B        C        D        E       F      G
               +--------+--------+--------+--------+--------+-----+--------+
         Total |  15712 |  15196 |    516 |   1201 |  11238 |  17 |  924.2 |
       Dungeon |  14217 |  13751 |    466 |   1084 |  10449 |  13 | 1093.6 |
        Temple |     57 |      8 |     49 |      0 |      7 |   1 |   57.0 |
          Lair |    351 |    351 |      0 |      0 |    226 |   1 |  351.0 |
         Sewer |    721 |    721 |      0 |    112 |    353 |   1 |  721.0 |
       Ossuary |    363 |    363 |      0 |      5 |    202 |   1 |  363.0 |
               +--------+--------+--------+--------+--------+-----+--------+

Top non-repeatable levels by time:
    D:12: 2015 daAuts
    D:13: 1704 daAuts
     D:7: 1483 daAuts
    D:11: 1380 daAuts
     D:6: 1294 daAuts
    D:10: 1278 daAuts
     D:9: 918 daAuts
     D:8: 905 daAuts
     D:3: 745 daAuts
   Sewer: 721 daAuts
     D:5: 692 daAuts
     D:4: 658 daAuts
     D:2: 616 daAuts
     D:1: 523 daAuts
 Ossuary: 363 daAuts
